 Dungeon Crawl Stone Soup version 0.30-b1-2-g02819fbbbe (webtiles) character file.

Game seed: 6171780671405620284

9093 Mesmaeker13 the Thaumaturge (level 11, -1/54 HPs)
             Began as a Deep Elf Conjurer on July 24, 2023.
             Was a Priest of Sif Muna.
             Killed from afar by a gargoyle (21 damage)
             ... with a stone arrow
             ... on level 11 of the Dungeon.
             The game lasted 00:23:37 (11126 turns).

Mesmaeker13 the Thaumaturge (Deep Elf Conjurer)    Turns: 11126, Time: 00:23:37

Health: -1/54      AC:  9    Str:  6    XL:     11   Next: 18%
Magic:  13/28      EV: 19    Int: 26    God:    Sif Muna [***...]
Gold:   556        SH:  5    Dex: 13    Spells: 18/33 levels left

rFire   . . .        K - +1 trident (protect)
rCold   . . .        (no shield)
rNeg    . . .        l - +2 leather armour "Kad Owe" {Fly rCorr}
rPois   .            (no helmet)
rElec   +            (no cloak)
rCorr   +            G - +1 pair of gloves "Kodoilo" {rElec Regen+}
SInv    .            N - +0 pair of boots
Will    ++...        B - amulet of reflection
Stlth   ++           v - ring of willpower
HPRegen 1.09/turn    p - +5 ring of evasion
MPRegen 0.21/turn

%: reflection
@: flying
A: no striking features
a: Renounce Religion, Channel Magic, Forget Spell


You were on level 11 of the Dungeon.
You worshipped Sif Muna.
Sif Muna was most pleased with you.
You visited 1 branch of the dungeon, and saw 11 of its levels.

You collected 556 gold pieces.

Inventory:

Hand Weapons
 a - a +0 heavy demon trident
 w - a +5 rapier of freezing
 K - a +1 trident of protection (weapon)
Missiles
 A - a throwing net
 L - 3 curare-tipped darts
Armour
 l - the +2 leather armour "Kad Owe" (worn) {Fly rCorr}
   (You took it off an orc on level 8 of the Dungeon)

   Fly:       It grants you flight.
   rCorr:     It protects you from acid and corrosion.
 G - the +1 pair of gloves "Kodoilo" (worn) {rElec Regen+}
   (You found it on level 5 of the Dungeon)

   rElec:     It insulates you from electricity.
   Regen:     It increases your rate of health regeneration.
 N - a +0 pair of boots (worn)
Jewellery
 h - a ring of fire
 p - a +5 ring of evasion (right hand)
 v - a ring of willpower (left hand)
 B - an amulet of reflection (around neck)
 D - a ring of protection from fire
 H - a ring of protection from cold
 O - a +4 ring of protection
Wands
 c - a wand of charming (4)
 x - a wand of flame (36)
 z - a wand of quicksilver (2)
Scrolls
 e - 2 scrolls of magic mapping
 g - 4 scrolls of enchant weapon
 i - 2 scrolls of poison
 n - a scroll of immolation {unknown}
 r - 2 scrolls of torment {unknown}
 y - 3 scrolls of teleportation
 C - a scroll of enchant armour {unknown}
 E - 2 scrolls of blinking {unknown}
 F - 2 scrolls of brand weapon
 J - 4 scrolls of fog {unknown}
 M - 2 scrolls of noise
Potions
 b - 4 potions of magic
 d - 2 potions of curing
 f - 3 potions of mutation
 j - 4 potions of might
 k - 4 potions of degeneration
 m - 4 potions of flight
 o - a potion of brilliance {unknown}
 q - 2 potions of cancellation {unknown}
 s - 5 potions of haste {unknown}
 t - 2 potions of lignification {unknown}
 u - 2 potions of heal wounds
 I - 2 potions of attraction {unknown}


   Skills:
 + Level 4.6 Armour
 - Level 8.3 Dodging
 - Level 3.5 Stealth
 - Level 11.7 Spellcasting
 + Level 10.6 Conjurations
 - Level 8.1 Hexes
 + Level 0.0 Necromancy
 - Level 6.1 Fire Magic
 + Level 0.0 Earth Magic


You had 18 spell levels left.
You knew the following spells:

 Your Spells              Type           Power      Damage    Failure   Level
a - Magic Dart            Conj           100%       1d8       1%          1
b - Searing Ray           Conj           100%       2d8       1%          2
c - Fulminant Prism       Conj/Hex       29%        3d14      1%          4
d - Inner Flame           Hex/Fire       51%        N/A       1%          3
e - Borgnjor's Vile Clut  Necr/Erth      7%         N/A       83%         5

Your spell library contained the following spells:

 Spells                   Type           Power      Damage    Failure   Level
 Ensorcelled Hibernation  Hex/Ice        72%        N/A       1%          2
 Dazzling Flash           Conj/Hex       100%       N/A       1%          3
 Flame Wave               Conj/Fire      56%        2d13      1%          4
 Sticky Flame             Conj/Fire      56%        2d7       1%          4
 Iskenderun's Mystic Bla  Conj/Tloc      42%        2d10      6%          4
 Cigotuvi's Dreadful Rot  Necr/Pois/Air  30%        N/A       9%          2
 Passwall                 Tmut/Erth      12%        N/A       9%          2
 Gell's Gravitas          Tloc           15%        N/A       17%         3
 Swiftness                Air            15%        N/A       17%         3
 Teleport Other           Tloc           15%        N/A       17%         3
 Animate Dead             Necr           15%        N/A       50%         4
 Dispel Undead            Necr           15%        3d10      50%         4
 Death Channel            Necr           7%         N/A       100%        6
 Dispersal                Tloc           7%         N/A       100%        6


Dungeon Overview and Level Annotations

Branches:
Dungeon (11/15)            Temple (0/1) D:5
   Lair: D:8-11         Orc: D:9-12

Altars:
Cheibriados
Fedhas
Sif Muna
Vehumet
Zin
The Shining One

Shops:
D:9 (=

Annotations:
D:3 2 transporters, Hatch3r's ghost, amateur MiBe
D:4 2 transporters, Darold's ghost, amateur KoVM


Message History

The stone arrow misses you.
Unknown command.
Casting: Fulminant Prism (dangerous; 1% risk of failure)
Confirm with . or Enter, or press ? or * to list all spells.
Aiming: Fulminant Prism (dangerous; 1% risk of failure)
Press: ? - help, Dir - move target You conjure a prism of explosive energy!
A fulminant prism comes into view.
The gargoyle hurls a stone arrow at you.
The stone arrow hits you!!
Unknown command.
Casting: Fulminant Prism (dangerous; 1% risk of failure)
Confirm with . or Enter, or press ? or * to list all spells.
Aiming: Searing Ray (safe; 1% risk of failure)
Press: ? - help, Shift-Dir - straight line The searing ray hits the gargoyle but does no damage.
The gargoyle is moderately damaged. (Press . to maintain the ray.)
Your fulminant prism crackles loudly.
Unknown command.
The searing ray hits the gargoyle but does no damage.
The gargoyle is moderately damaged.
Your fulminant prism explodes!
The blast of energy engulfs the gargoyle!
The gargoyle is heavily damaged.
The gargoyle hurls a stone arrow at you.
The stone arrow hits you!
The searing ray hits the gargoyle but does no damage.
The gargoyle is heavily damaged.
The gargoyle completely misses you.
Unknown command.
Casting: Searing Ray (safe; 1% risk of failure)
Confirm with . or Enter, or press ? or * to list all spells.
Aiming: Fulminant Prism (dangerous; 1% risk of failure)
Press: ? - help, Dir - move target You conjure a prism of explosive energy!
A fulminant prism comes into view.
The gargoyle hurls a stone arrow at you.
The stone arrow hits you!!
You die...

..9....).#
#........#
#........#
#........#
#........#
#.####
#....#
######'##
#..@9.*.#
#.......#
+.......#
#.......#
#.......#
#####'###
#.# #.#
#.##


You could see a gargoyle (ally target) and a friendly fulminant prism.

Vanquished Creatures
  A two-headed ogre (D:9)
  Urug (D:10)
  Joseph (D:8)
  A gargoyle (D:10)
  A troll (D:10)
  Grinder (D:5)
  A hornet (D:9)
  Sigmund (D:6)
  A wraith (D:9)
  A wyvern (D:9)
  22 yaks
  2 steam dragons
  Eustachio (D:5)
  Edmund (D:5)
  An orc warrior (D:8)
  A sky beast (D:8)
  A black bear (D:5)
  2 ogres
  A phantom (D:6)
  4 centaurs
  A kobold brigand (D:9)
  Blork the orc (D:6)
  A scorpion (D:6)
  6 killer bees
  4 howler monkeys
  3 jellies
  2 gnoll boudas
  5 orc priests
  8 hounds
  An iguana (D:5)
  2 sleepcaps (D:5)
  6 orc wizards
  11 gnolls
  6 adders
  3 shadow imps
  An ufetubus (D:5)
  2 dart slugs
  31 orcs
  5 bats
  6 endoplasms
  2 giant cockroaches (D:3)
  9 hobgoblins
  A jackal (D:1)
  4 quokkas
  A ball python (D:1)
  2 frilled lizards
  6 goblins
  11 kobolds
  5 rats
192 creatures vanquished.

Vanquished Creatures (others)
  A yak (D:10)
  37 fulminant prisms
  38 plants
76 creatures vanquished.

Grand Total: 268 creatures vanquished

Notes
Turn   | Place    | Note
-------+----------+-------------------------------------------
     0 | D:1      | Mesmaeker13 the Deep Elf Conjurer began the quest for the
                  | Orb.
     0 | D:1      | Reached XP level 1. HP: 10/10 MP: 6/6
   236 | D:1      | Reached XP level 2. HP: 15/15 MP: 6/8
   531 | D:1      | Found a faded altar of an unknown god.
   952 | D:2      | Learned a level 2 spell: Searing Ray
  1016 | D:2      | Reached XP level 3. HP: 19/19 MP: 8/10
  1754 | D:2      | Reached XP level 4. HP: 24/24 MP: 7/11
  2048 | D:3      | Reached skill level 4 in Spellcasting
  2116 | D:3      | Found a faded altar of an unknown god.
  2126 | D:3      | Found a shimmering blue altar of Sif Muna.
  2205 | D:3      | Reached skill level 5 in Conjurations
  2317 | D:3      | Found a transporter.
  2318 | D:3      | Found a transporter.
  2334 | D:3      | Learned a level 4 spell: Fulminant Prism
  2343 | D:3      | Identified the +10 halberd "Kykh" {venom, rC++ Str+3}
  2417 | D:3      | Noticed Hatch3r's ghost (amateur MiBe)
  2572 | D:3      | Found a blossoming altar of Fedhas.
  2957 | D:4      | Noticed Darold's ghost (amateur KoVM)
  2958 | D:4      | Found a transporter.
  3168 | D:3      | Became a worshipper of Sif Muna the Loreminder
  3410 | D:4      | Reached skill level 1 in Hexes
  3410 | D:4      | Reached XP level 5. HP: 28/28 MP: 7/13
  3685 | D:4      | Found a transporter.
  3800 | D:5      | Entered Level 5 of the Dungeon
  3847 | D:5      | Noticed Eustachio
  3870 | D:5      | Killed Eustachio
  3871 | D:5      | Reached skill level 5 in Spellcasting
  3871 | D:5      | Reached XP level 6. HP: 12/32 MP: 0/15
  4089 | D:5      | Noticed Edmund
  4189 | D:5      | Noticed Grinder
  4385 | D:6      | Reached skill level 5 in Dodging
  4493 | D:6      | Noticed a steam dragon
  4517 | D:6      | Killed a steam dragon
  4518 | D:6      | Reached XP level 7. HP: 6/36 MP: 5/17
  4617 | D:6      | Reached skill level 6 in Spellcasting
  4686 | D:6      | Noticed Blork the orc
  4695 | D:6      | Killed Blork the orc
  4757 | D:6      | Noticed a yak
  4988 | D:6      | Reached * piety under Sif Muna
  5195 | D:5      | Reached skill level 5 in Hexes
  5195 | D:5      | Reached XP level 8. HP: 41/41 MP: 12/20
  5318 | D:5      | Reached skill level 7 in Spellcasting
  5327 | D:5      | Killed Edmund
  5880 | D:5      | Found a staircase to the Ecumenical Temple.
  5894 | D:5      | Identified the +1 pair of gloves "Kodoilo" {rElec Regen+}
  6089 | D:5      | Killed Grinder
  6281 | D:6      | Found a glowing golden altar of the Shining One.
  6282 | D:6      | Found a radiant altar of Vehumet.
  6282 | D:6      | Found a glowing silver altar of Zin.
  6283 | D:6      | Noticed Sigmund
  6290 | D:6      | Killed Sigmund
  6291 | D:6      | Reached skill level 8 in Spellcasting
  6377 | D:6      | Reached XP level 9. HP: 45/45 MP: 7/23
  6570 | D:6      | Reached skill level 9 in Spellcasting
  6579 | D:6      | Learned a level 3 spell: Inner Flame
  7324 | D:7      | Reached ** piety under Sif Muna
  7394 | D:7      | Reached skill level 1 in Fire Magic
  7701 | D:7      | You fall into a shaft and drop 2 floors!
  7736 | D:8      | Reached skill level 1 in Armour
  8310 | D:8      | Noticed Joseph
  8328 | D:8      | Killed Joseph
  8471 | D:8      | Identified the +2 leather armour "Kad Owe" {Fly rCorr}
  8651 | D:8      | Reached XP level 10. HP: 49/50 MP: 25/25
  8963 | D:9      | Reached skill level 10 in Spellcasting
  9026 | D:9      | Found Uhitwy's Weapon Emporium.
  9259 | D:9      | Found Puk Kavo's Jewellery Boutique.
  9810 | D:9      | Noticed a two-headed ogre
  9827 | D:9      | Killed a two-headed ogre
  9827 | D:9      | Reached *** piety under Sif Muna
  9938 | D:10     | Entered Level 10 of the Dungeon
  9957 | D:10     | Reached skill level 11 in Spellcasting
  9957 | D:10     | Reached skill level 10 in Conjurations
  9957 | D:10     | Reached skill level 5 in Fire Magic
 10093 | D:10     | Found a snail-covered altar of Cheibriados.
 10180 | D:10     | Noticed a gargoyle
 10216 | D:10     | Killed a gargoyle
 10525 | D:10     | Noticed Urug
 10534 | D:10     | Killed Urug
 10535 | D:10     | Reached XP level 11. HP: 43/54 MP: 20/28
 11064 | D:11     | Noticed a boulder beetle
 11078 | D:11     | Learned a level 5 spell: Borgnjor's Vile Clutch
 11126 | D:11     | Killed from afar by a gargoyle

Illustrated notes

Levels and vault maps discovered:
D:1:      nzn_arrival_settlement, layout_loops_ring,
          shapermc_ecumenical_altar_notcrosses, minmay_tripent
D:2:      layout_basic, st_stairs_12, minmay_misc_feat_iff
D:3:      layout_loops_ring, nicolae_overflow_ecumenical_swirl,
          fedhas_ov_isle_minmay, gammafunk_ghost_gnarly_gnolls
D:4:      layout_basic, gammafunk_ghost_mausoleum
D:5:      dreamdust_elfheim, layout_basic, minmay_temple_entry_proselytizer,
          uniq_eustachio, uniq_edmund, uniq_grinder
D:6:      layout_gridville, chequers_temple_overflow_statue_of_worship,
          uniq_sigmund, uniq_blork_the_orc
D:7:      layout_loops_corners
D:8:      layout_basic, serial_bayou_pond_b, uniq_joseph
D:9:      layout_irregular_city, serial_shops, nicolae_shop_behind_doors,
          nicolae_shop_bloodbath_and_beyond
D:10:     layout_loops_cross, kennysheep_slug_shrine, nicolae_wwwww,
          amethyst_killhole, uniq_urug
D:11:     layout_roguey, david_lair_shrubbed, erik_orc_1,
          nicolae_trove_entry_isolated, gauntlet_entry_generic, uniq_nergalle,
          uniq_josephine, uniq_harold

Skill      XL: |  1  2  3  4  5  6  7  8  9 10 11 |
---------------+----------------------------------+-----
Dodging        | 3 4 5 6 7 8 |  8.3
Stealth        | 3 |  3.5
Spellcasting   | 4 5 6 8 9 11 | 11.7
Conjurations   | 5 6 7 9 10 | 10.6
Hexes          | 1 3 4 5 7 8 |  8.1
Fire Magic     | 2 5 6 |  6.1
Armour         | 2 4 |  4.6

Action                     |  1- 3 |  4- 6 |  7- 9 | 10-12 || total
---------------------------+-------+-------+-------+-------++-------
  Melee: Quarterstaff      |     2 |       |       |       ||     2
         Whip              |       |     2 |       |       ||     2
         Rapier            |       |       |    21 |    16 ||    37
         Punch             |       |       |     1 |       ||     1
         Trident           |       |       |       |    73 ||    73
   Cast: Magic Dart        |    53 |    79 |    82 |    21 ||   235
         Searing Ray       |     2 |    15 |    29 |    20 ||    66
         Fulminant Prism   |       |     3 |    14 |    21 ||    38
  Evoke: Wand              |       |       |    12 |    11 ||    23
    Use: Scroll            |       |     8 |     4 |     1 ||    13
         Potion            |       |       |     1 |       ||     1
 Armour: Robe              |     1 |     6 |       |       ||     7
         Steam dragon scal |       |       |     9 |    23 ||    32
  Dodge: Dodged            |     3 |    32 |    58 |   142 ||   235
  Block: Other             |       |       |    11 |    37 ||    48
         Reflection        |       |       |     1 |       ||     1
